 Dungeon Crawl Stone Soup version 0.31.0-12-g77e489cdc1 (webtiles) character file.

Game seed: 1094901156184989687

30 Gadfly the Shooter (level 3, -4/22 HPs)
             Began as a Kobold Hunter on Feb 15, 2024.
             Slain by Sigmund
             ... wielding a +0 scythe
              (10 damage)
             ... on level 2 of the Dungeon.
             The game lasted 00:00:53 (781 turns).

Gadfly the Shooter (Kobold Hunter)                   Turns: 781, Time: 00:00:53

Health: -4/22      AC:  3    Str:  8    XL:     3   Next: 37%
Magic:  3/3        EV: 15    Int: 10    God:
Gold:   40         SH:  0    Dex: 20    Spells: 2/2 levels left

rFire   . . .        a - +0 shortbow
rCold   . . .        (shield currently unavailable)
rNeg    . . .        c - +0 leather armour
rPois   .            (no helmet)
rElec   .            (no cloak)
rCorr   .            (no gloves)
SInv    .            (no boots)
Will    .....        (no amulet)
Stlth   ++           (no ring)
HPRegen 0.23/turn    (no ring)
MPRegen 0.08/turn

%: no passive effects
@: confused
A: small, no large weapons, nightstalker 3
a: no special abilities


You were on level 2 of the Dungeon.
You visited 1 branch of the dungeon, and saw 2 of its levels.

You collected 40 gold pieces.

Inventory:

Hand Weapons
 a - a +0 shortbow (weapon)
Armour
 c - a +0 leather armour (worn)
Scrolls
 b - a scroll of butterflies
Potions
 d - a potion of cancellation {unknown}
 e - a potion of resistance {unknown}
 g - a potion of invisibility {unknown}


   Skills:
 + Level 2.4 Fighting
 + Level 5.5 Ranged Weapons
 + Level 2.7 Dodging
 - Level 1.3 Stealth
 * Level 1.2 Invocations
 * Level 1.7 Evocations


You had 2 spell levels left.
You didn't know any spells.
Your spell library was empty.

Dungeon Overview and Level Annotations

Branches:
Dungeon (2/15)

Altars:

Annotations:
D:2 Sigmund


Innate Abilities, Weirdness & Mutations

You are small and have problems with some larger weapons.
You are completely attuned to the shadows.


Message History

You shoot an arrow. The arrow hits Sigmund.
Sigmund is lightly wounded.
You shoot an arrow.
The arrow hits Sigmund but does no damage.
Sigmund is lightly wounded.
Sigmund hits you from afar with a +0 scythe.
You shoot an arrow. The arrow closely misses Sigmund.
Sigmund casts a spell at you.
You are confused.
You are too confused!
You are too confused!
You are too confused!
You are too confused!
Unknown command.
You are too confused!
Unknown command.
You are too confused!
Unknown command.
You are too confused!
Sigmund misses you. Sigmund barely misses you.
Sigmund hits you from afar with a +0 scythe!
You feel less confused. Sigmund barely misses you.
You shoot an arrow. The arrow hits Sigmund.
Sigmund is moderately wounded.
You shoot an arrow. The arrow closely misses Sigmund.
Sigmund gestures at you while chanting.
You are confused.
You closely miss Sigmund.
Sigmund is moderately wounded.
Sigmund points at you and mumbles some strange words.
The puff of flame hits you!
* * * LOW HITPOINT WARNING * * *
Sigmund completely misses you.
You barely miss Sigmund.
Sigmund is moderately wounded.
Sigmund hits you with a +0 scythe!
You die...
Sigmund begins carving another notch in his scythe.

#.............#
#.#
####.##########
#.# #.#### #.#
#....# #.#
####.# #.#
####.## #####.#
......# #<....#
####..####
#.#####
.....@.... #.#
####.@#### #.#
....# #.#
####.# #..


You could see Sigmund.

Vanquished Creatures
  2 dart slugs (D:1)
  2 bats
  2 endoplasms (D:1)
  4 hobgoblins (D:1)
  3 jackals (D:1)
  6 kobolds (D:1)
  3 ball pythons (D:1)
  A frilled lizard (D:1)
  2 rats (D:1)
25 creatures vanquished.

Notes
Turn   | Place    | Note
-------+----------+-------------------------------------------
     0 | D:1      | Gadfly the Kobold Hunter began the quest for the Orb.
     0 | D:1      | Reached XP level 1. HP: 12/12 MP: 1/1
    74 | D:1      | Reached XP level 2. HP: 17/18 MP: 2/2
    99 | D:1      | Reached skill level 1 in Evocations
   318 | D:1      | Reached skill level 1 in Invocations
   345 | D:1      | Reached XP level 3. HP: 22/22 MP: 3/3
   768 | D:2      | Noticed Sigmund
   781 | D:2      | Slain by Sigmund

Illustrated notes

Levels and vault maps discovered:
D:1:      lemuel_arrival_hallway, layout_rooms
D:2:      layout_loops_ring, shapermc_ecumenical_altar_pompeii,
          kennysheep_pointless_box, uniq_sigmund, uniq_robin,
          uniq_crazy_yiuf_cottage

Skill      XL: |  1  2 |
---------------+-------+-----
Evocations     | 1 |  1.7
Invocations    | 1 |  1.2
Fighting       | |  2.4
Ranged Weapons | |  5.5
Dodging        | |  2.7
Stealth        | |  1.3

Action                     || total
---------------------------++-------
  Melee: Shortbow          ||     2
   Fire: Shortbow          ||    59
    Use: Scroll            ||     2
 Armour: Leather armour    ||    18
  Dodge: Dodged            ||    22
